 Dungeon Crawl Stone Soup version 0.25-a0-458-g6fc7858b95 (webtiles) character file.

Game seed: 4099968100289212616, levelgen mode: deterministic

41 ChaosChampion the Grasshopper (level 3, -1/32 HPs)
             Began as a Naga Warper on Feb 1, 2020.
             Was an Initiate of Cheibriados.
             Slain by a worm (4 damage)
             ... on level 2 of the Dungeon.
             The game lasted 00:05:56 (1648 turns).

ChaosChampion the Grasshopper (Naga Warper)         Turns: 1648, Time: 00:05:57

Health: -1/32      AC:  2    Str: 15    XL:     3   Next: 52%
Magic:  1/6        EV:  9    Int: 14    God:    Cheibriados [......]
Gold:   33         SH:  0    Dex: 11    Spells: 2/6 levels left

rFire    . . .     SeeInvis +   a - +0 spear
rCold    . . .     Gourm    .   (no shield)
rNeg     . . .     Faith    .   b - +0 leather armour
rPois    +         Spirit   .   (no helmet)
rElec    .         Reflect  .   (no cloak)
rCorr    .         Harm     .   (no gloves)
MR       .....                  (no barding)
Stlth    +.........             (no amulet)
HPRegen  0.10/turn              (no ring)
MPRegen  0.10/turn              (no ring)

@: very slightly contaminated, very slow
A: large, see invisible, deformed body, poison resistance, slowness 2, slow
metabolism 1, spit poison 1, AC +1
a: Spit Poison, Bend Time, Renounce Religion


You were on level 2 of the Dungeon.
You worshipped Cheibriados.
Cheibriados was noncommittal.
You were hungry.

You visited 1 branch of the dungeon, and saw 2 of its levels.

You collected 33 gold pieces.

Inventory:

Hand Weapons
 a - a +0 spear (weapon)
Missiles
 e - 5 boomerangs of dispersal (quivered)
 k - 11 poisoned darts
Armour
 b - a +0 leather armour (worn)
Scrolls
 c - a scroll of fog
 d - a scroll of blinking
 j - 2 scrolls of remove curse
 n - a scroll of enchant armour {unknown}
Potions
 g - a potion of degeneration
 h - a potion of curing {unknown}
 i - a potion of lignification {unknown}
 l - a potion of brilliance {unknown}
 o - a potion of heal wounds {unknown}
Comestibles
 f - 2 rations


   Skills:
 + Level 2.2 Fighting
 * Level 3.0 Polearms
 - Level 0.8 Throwing
 - Level 1.2 Armour
 - Level 1.5 Dodging
 * Level 0.5 Stealth
 + Level 2.3 Spellcasting
 + Level 3.0 Translocations


You had 2 spell levels left.
You knew the following spells:

 Your Spells              Type           Power        Failure   Level  Hunger
a - Blink                 Tloc           N/A          12%         2    ###....
b - Shroud of Golubria    Chrm/Tloc      #.....       22%         2    ###....

Your spell library contained the following spells:

 Spells                   Type           Power        Failure   Level  Hunger
 Gell's Gravitas          Tloc           ##........   24%         3    ###....
 Lesser Beckoning         Tloc           ##........   24%         3    ###....
 Teleport Other           Tloc           ##......     24%         3    ###....
 Passage of Golubria      Tloc           N/A          63%         4    #####..


Dungeon Overview and Level Annotations

Branches:
Dungeon (2/15)

Altars:
Cheibriados


Innate Abilities, Weirdness & Mutations

You cannot wear boots.
Your serpentine skin is tough. (AC +1)
You have supernaturally acute eyesight. (SInv)
Armour fits poorly on your strangely shaped body.
Your system is resistant to poisons. (rPois)
You cover ground very slowly.
You have a slow metabolism.
You can spit poison.


Message History

g - a potion of degeneration Drop what? 14/52 slots (_ for help) (? for menu, Esc to quit)
Okay, then.
Casting: Blink (safe; 12% risk of failure)
Confirm with . or Enter, or press ? or * to list all spells.
You blink.
The worm barely misses you.
Throwing (i - inventory. (/) - cycle)
e - 5 boomerangs of dispersal (quivered)
Press: ? - help, Shift-Dir - straight line, p - worm
Okay, then.
Casting: Blink (safe; 12% risk of failure)
Confirm with . or Enter, or press ? or * to list all spells.
You miscast Blink.
You are very lightly contaminated with residual magic.
The air around you crackles with energy!
Unknown command.
Casting: Blink (safe; 12% risk of failure)
Confirm with . or Enter, or press ? or * to list all spells.
You don't have enough magic to cast that spell.
The worm bites you.
You die...

########.###
#.# #.#. #.#
#.#
#######'#.
#.# #.#
#.........
#.# #.#
#)........
#.#######.#
#.........
#.......#.#
#.........
#.......'.#
#........)
##...w..###
#.....)..>
#...@..#
#.........
########
#.........
##########


You could see a worm.

Vanquished Creatures
  An adder (D:2)
  2 dart slugs
  A giant cockroach (D:1)
  3 goblins
  3 hobgoblins (D:1)
  A quokka (D:2)
  3 bats
  2 frilled lizards
  6 kobolds
  7 rats
29 creatures vanquished.

Notes
Turn   | Place    | Note
-------+----------+-------------------------------------------
     0 | D:1      | ChaosChampion the Naga Warper began the quest for the Orb.
     0 | D:1      | Reached XP level 1. HP: 19/19 MP: 3/3
   139 | D:1      | Reached XP level 2. HP: 3/26 MP: 5/5
   147 | D:1      | Learned a level 2 spell: Blink
   150 | D:1      | Learned a level 2 spell: Shroud of Golubria
   859 | D:1      | Reached skill level 1 in Armour
  1154 | D:2      | Reached XP level 3. HP: 30/32 MP: 6/6
  1155 | D:2      | Found a snail-covered altar of Cheibriados.
  1157 | D:2      | Became a worshipper of Cheibriados the Contemplative
  1648 | D:2      | Slain by a worm

Levels and vault maps discovered:
D:1:      grunt_arrival_lava_bath, layout_basic
D:2:      layout_basic, kennysheep_slug_shrine, first_ration, uniq_jessica

Skill      XL: |  1  2  3 |
---------------+----------+-----
Armour         | 1 |  1.2
Polearms       | 3 |  3.0
Fighting       | |  2.2
Throwing       | |  0.8
Dodging        | |  1.5
Stealth        | |  0.5
Spellcasting   | |  2.3
Translocations | |  3.0

Action                   || total
-------------------------++-------
Melee: Spear             ||   134
 Cast: Blink             ||     2
  Use: Scroll            ||     3
  Eat: Chunk             ||     1
Armor: Leather armour    ||    15
Dodge: Dodged            ||    49

Table legend:
 A = Non-vault XP
 B = Vault XP
 C = Vault XP percentage of total XP
 D = Non-vault monster count
 E = Vault monster count
 F = Vault count percentage of total count
                 A         B        C        D         E       F
            +---------+---------+-------+---------+---------+-------
      Total |      55 |       4 |   6.8 |      28 |       1 |   3.4
            +---------+---------+-------+---------+---------+-------
        D:1 |      29 |       0 |   0.0 |      19 |       0 |   0.0
        D:2 |      26 |       4 |  13.3 |       9 |       1 |  10.0
            +---------+---------+-------+---------+---------+-------
